 Dungeon Crawl Stone Soup version 0.22-a0-322-g60b3cfd (webtiles) character file.

23737 Kidiri the Thaumaturge (level 12, -2/68 HPs)
             Began as a Deep Elf Fire Elementalist on Apr 3, 2018.
             Was an Elder of Vehumet.
             Killed from afar by Patate's ghost (17 damage)
             ... with a spray of energy
             ... on level 1 of the Lair of Beasts.
             The game lasted 00:52:11 (18420 turns).

Kidiri the Thaumaturge (DEFE)                      Turns: 18420, Time: 00:52:12

Health: -2/68      AC:  7    Str:  5    XL:     12   Next: 74%
Magic:  5/31       EV: 15    Int: 30    God:    Vehumet [****..]
Gold:   438        SH:  0    Dex: 18    Spells: 8/38 levels left

rFire    . . .     SeeInvis +   I - +8 morningstar of Painful Death {crush, rElec Int+4}
rCold    . . .     Gourm    .   o - +7 large shield of the Slug {rPois Dex+3 Stlth-}
rNeg     + . .     Faith    .   a - +1 robe
rPois    +         Spirit   .   E - +1 helmet
rElec    +         Reflect  .   (no cloak)
rCorr    .         Harm     .   q - +1 pair of gloves
MR       +....                  (no boots)
Stlth    ..........             (no amulet)
HPRegen  0.21/turn              b - ring of see invisible
MPRegen  0.22/turn              G - ring of positive energy

@: confused, berserk cooldown, very slightly contaminated, hasted and slowed,
studying Shields
A: no striking features
a: Renounce Religion


You were on level 1 of the Lair of Beasts.
You worshipped Vehumet.
Vehumet was greatly pleased with you.
You were not hungry.

You visited 3 branches of the dungeon, and saw 14 of its levels.
You also visited: Bailey.

You collected 1038 gold pieces.
You spent 600 gold pieces at shops.

Inventory:

Hand Weapons
 g - a +5 dagger
 I - the +8 morningstar of Painful Death (weapon) {crush, rElec Int+4}
   (You found it on level 11 of the Dungeon)

   It inflicts extra damage upon your enemies.
   It affects your intelligence (+4).
   It insulates you from electricity.
Armour
 a - a +1 robe (worn)
 o - the +7 large shield of the Slug (worn) {rPois Dex+3 Stlth-}
   (You found it on level 6 of the Dungeon)

   It affects your dexterity (+3).
   It protects you from poison.
   It makes you less stealthy.
 q - a +1 pair of gloves (worn)
 E - a +1 helmet (worn)
 N - a +2 buckler
Jewellery
 b - a ring of see invisible (left hand)
 C - an uncursed ring of resist corrosion
 G - a ring of positive energy (right hand)
Scrolls
 d - 6 scrolls of remove curse
 e - 5 scrolls of teleportation
 m - 3 scrolls of amnesia
 p - a scroll of silence
 v - 2 scrolls of identify
 A - a scroll of blinking
 L - a scroll of magic mapping
 M - a scroll of fear
Potions
 j - 2 potions of agility
 l - a potion of lignification
 n - 3 potions of invisibility
 r - 4 potions of brilliance
 s - 2 potions of resistance
 u - a potion of haste
 w - a potion of ambrosia
 z - a potion of might
 B - a potion of flight
 O - a potion of magic
Books
 F - a manual of Shields
 H - a manual of Shields
Comestibles
 c - 18 rations
 Q - 4 chunks of flesh


   Skills:
 + Level 5.4 Fighting
 + Level 6.4 Short Blades
 + Level 5.4 Armour
 + Level 8.4 Dodging
 - Level 2.4 Stealth
 + Level 5.5 Shields
 * Level 13.6 Spellcasting
 + Level 8.3 Conjurations
 + Level 8.8 Fire Magic
 + Level 4.2 Ice Magic
 + Level 5.7 Poison Magic


You had 8 spell levels left.
You knew the following spells:

 Your Spells              Type           Power        Failure   Level  Hunger
a - Flame Tongue          Conj/Fire      #####        1%          1    None
b - Throw Flame           Conj/Fire      ######       1%          2    None
c - Conjure Flame         Conj/Fire      ######..     1%          3    None
d - Inner Flame           Hex/Fire       #####...     4%          3    None
e - Sticky Flame          Conj/Fire      ######..     2%          4    None
f - Fireball              Conj/Fire      ######....   7%          5    None
g - Bolt of Fire          Conj/Fire      ######....   32%         6    ####...
h - Throw Icicle          Conj/Ice       ######..     6%          4    None
i - Sting                 Conj/Pois      ####         1%          1    None
j - Magic Dart            Conj           ####         1%          1    None


Dungeon Overview and Level Annotations

Branches:
Dungeon (12/15)            Temple (1/1) D:5            Lair (1/6) D:11
    Orc (0/2) D:10

Altars:
Ashenzari
Cheibriados
Dithmenos
Elyvilon
Fedhas
Gozag
Hepliaklqana
Kikubaaqudgha
Makhleb
Nemelex Xobeh
Okawaru
Qazlal
Ru
Sif Muna
Trog
Uskayaw
Vehumet
Wu Jian
Xom
Yredelemnul
Zin
The Shining One

Shops:
D:6 (   D:10 *

Portals:
Trove: D:11 (give +3 ice dragon scales)

Annotations:
Lair:1 Patate's ghost, journeyman SpEn


Message History

You resist with some effort. The porcupine barely misses you.
Unknown command.
Okay, then.
You bump into the rock wall.
Patate's ghost hits you but does no damage.
The porcupine closely misses you.
Unknown command.
You feel yourself speed up. The porcupine closely misses you.
Patate's ghost hits you but does no damage.
The porcupine closely misses you. Patate's ghost misses you.
You're too confused to move!
You feel less confused. You block the porcupine's attack.
Patate's ghost gestures at you while chanting.
You are confused.
Unknown command.
The porcupine closely misses you.
Patate's ghost points at you and mumbles some strange words.
The spray of energy hits you!
You die...

##..........
#..........
#..........
#..........
#####.....#####
..........#
..........#
..........#
........@.#####
........Wr#P..###
#.#####..........
## ##..##.#...
#.## # #..# ##.#
#.. #..


You could see a porcupine and Patate's ghost.

Vanquished Creatures
  Harold (D:10)
  2 hydras
  6 two-headed ogres
  5 unseen horrors
  Pikel (D:8)
  The ghost of xccam the Charlatan, a novice GnWn (D:5)
  An ugly thing (D:12)
  A manticore (D:11)
  2 gargoyles
  A kobold demonologist (D:11)
  A komodo dragon (Lair:1)
  2 guardian mummies (D:11)
  A tengu conjurer (D:11)
  A merfolk (D:11)
  2 hippogriffs (D:11)
  2 shadows
  A wyvern (D:9)
  A spriggan (D:11)
  A hungry ghost (D:11)
  9 yaks
  A vampire mosquito (D:7)
  A warg (D:10)
  A soldier ant (D:11)
  3 porcupines
  3 black bears
  3 ice beasts
  7 sky beasts
  18 orc warriors
  3 slaves (D:8)
  A boggart (D:11)
  2 phantoms
  2 eyes of draining
  3 ogres
  10 centaurs
  3 crocodiles (D:11)
  2 big kobolds
  10 bullfrogs
  6 scorpions
  17 killer bees
  An electric eel (D:9)
  2 howler monkeys (D:11)
  A centaur zombie (D:6)
  7 crimson imps
  2 bullfrog zombies (D:11)
  11 hounds
  An iron imp (D:6)
  2 jellies
  5 orc priests
  3 bullfrog skeletons
  Jessica (D:2)
  4 iguanas
  9 orc wizards
  10 worker ants
  A killer bee zombie (D:5)
  A bullfrog simulacrum (D:11)
  A hound zombie (D:6)
  2 hound skeletons (D:7)
  2 worker ant zombies
  A howler monkey zombie (D:7)
  Robin (D:3)
  3 gnolls (D:5)
  3 howler monkey skeletons
  12 adders
  2 shadow imps
  A white imp (D:6)
  An ooze (D:3)
  2 adder skeletons
  An adder zombie (D:5)
  2 worms
  3 dart slugs
  3 leopard geckos
  57 orcs
  7 bats
  7 giant cockroaches
  14 goblins
  13 hobgoblins
  20 jackals
  6 quokkas
  4 ball pythons
  3 frilled lizards
  9 kobolds
  8 rats
387 creatures vanquished.

Vanquished Creatures (others)
  A kobold (D:11)
  51 fungi (D:11)
  23 plants (D:11)
75 creatures vanquished.

Grand Total: 462 creatures vanquished

Notes
Turn   | Place    | Note
-------+----------+-------------------------------------------
     0 | D:1      | Kidiri the Deep Elf Fire Elementalist began the quest for the Orb.
     0 | D:1      | Reached XP level 1. HP: 10/10 MP: 6/6
   221 | D:1      | Reached XP level 2. HP: 15/15 MP: 0/8
   231 | D:1      | Learned a level 2 spell: Throw Flame
   702 | D:2      | Reached skill level 4 in Spellcasting
   702 | D:2      | Reached XP level 3. HP: 19/19 MP: 7/10
   707 | D:2      | Learned a level 3 spell: Conjure Flame
   711 | D:2      | Learned a level 3 spell: Inner Flame
   787 | D:2      | Reached XP level 4. HP: 7/24 MP: 2/12
  1060 | D:2      | Noticed Jessica
  1069 | D:2      | Killed Jessica
  1069 | D:2      | Reached skill level 5 in Spellcasting
  1078 | D:2      | Learned a level 4 spell: Sticky Flame
  1437 | D:2      | Reached XP level 5. HP: 27/28 MP: 8/14
  1883 | D:3      | Noticed Robin
  1889 | D:3      | Reached skill level 6 in Spellcasting
  1910 | D:3      | Killed Robin
  2440 | D:3      | Found an ancient bone altar of Kikubaaqudgha.
  2440 | D:3      | Found an ornate altar of the Wu Jian Council.
  2448 | D:3      | Found a shattered altar of Ashenzari.
  2450 | D:3      | Found a faded altar of an unknown god.
  2452 | D:3      | Found an iron altar of Okawaru.
  2626 | D:3      | Found a stormy altar of Qazlal.
  2669 | D:3      | Reached XP level 6. HP: 32/32 MP: 15/17
  3142 | D:4      | Found a shadowy altar of Dithmenos.
  3228 | D:4      | Reached skill level 7 in Spellcasting
  3254 | D:4      | Found an opulent altar of Gozag.
  3335 | D:4      | Reached skill level 5 in Fire Magic
  3415 | D:4      | Learned a level 5 spell: Fireball
  3717 | D:5      | Entered Level 5 of the Dungeon
  3745 | D:5      | Noticed a sky beast
  4122 | D:5      | Killed a sky beast
  4122 | D:5      | Reached XP level 7. HP: 37/37 MP: 13/19
  4202 | D:5      | Noticed xccam's ghost (novice GnWn)
  4238 | D:5      | Reached skill level 1 in Fighting
  4238 | D:5      | Reached skill level 1 in Short Blades
  4238 | D:5      | Reached skill level 1 in Armour
  4719 | D:5      | Reached skill level 8 in Spellcasting
  4798 | D:5      | Found a staircase to the Ecumenical Temple.
  4807 | Temple   | Entered the Ecumenical Temple
  4895 | Temple   | Became a worshipper of Vehumet
  4966 | D:5      | Reached XP level 8. HP: 30/43 MP: 7/22
  5656 | D:5      | Killed xccam's ghost
  5656 | D:5      | Reached skill level 9 in Spellcasting
  6066 | D:6      | Reached skill level 5 in Conjurations
  6066 | D:6      | Reached * piety under Vehumet
  6066 | D:6      | Offered knowledge of Magic Dart by Vehumet.
  6164 | D:6      | Found Symoople's Antique Weapon Shoppe.
  6434 | D:6      | Found a burning altar of Makhleb.
  6440 | D:6      | Learned a level 1 spell: Magic Dart
  6459 | D:6      | Reached XP level 9. HP: 35/49 MP: 16/24
  6574 | D:6      | Got an ancient large shield
  6602 | D:6      | Identified the +7 large shield of the Slug {rPois Dex+3 Stlth-} (You found it on level 6 of the Dungeon)
  6731 | D:6      | Found a deep blue altar of Sif Muna.
  7164 | D:7      | Reached skill level 5 in Dodging
  7175 | D:7      | Reached skill level 10 in Spellcasting
  7337 | D:7      | Reached skill level 1 in Shields
  7862 | D:7      | Offered knowledge of Sting by Vehumet.
  7865 | D:7      | Learned a level 1 spell: Sting
  7942 | D:7      | Reached ** piety under Vehumet
  8435 | D:8      | Noticed a gargoyle
  8441 | D:8      | Killed a gargoyle
  8441 | D:8      | Reached skill level 1 in Poison Magic
  8647 | D:8      | Noticed Pikel
  8658 | D:8      | Killed Pikel
  8678 | D:8      | Reached XP level 10. HP: 33/56 MP: 15/26
  8878 | D:8      | Found a bloodstained altar of Trog.
  9091 | D:8      | Found a snail-covered altar of Cheibriados.
  9206 | D:8      | Found a basalt altar of Yredelemnul.
  9881 | D:9      | Found a white marble altar of Elyvilon.
 10617 | D:9      | Noticed a two-headed ogre
 10620 | D:9      | Offered knowledge of Static Discharge by Vehumet.
 10629 | D:9      | Killed a two-headed ogre
 10629 | D:9      | Reached skill level 11 in Spellcasting
 10849 | D:9      | Reached *** piety under Vehumet
 11091 | D:10     | Entered Level 10 of the Dungeon
 11121 | D:10     | Noticed Harold
 11433 | D:10     | Killed Harold
 11786 | D:10     | Found a staircase to the Orcish Mines.
 11897 | D:10     | Reached XP level 11. HP: 61/61 MP: 15/28
 11902 | D:10     | Offered knowledge of Throw Icicle by Vehumet.
 11908 | D:10     | Learned a level 4 spell: Throw Icicle
 12159 | D:10     | Found a hide-covered altar of Uskayaw.
 12258 | D:10     | Found Zuxa Fufep's Assorted Antiques.
 12270 | D:10     | Bought a wand of acid (9) for 240 gold pieces
 12270 | D:10     | Bought a scroll of identify for 60 gold pieces
 12270 | D:10     | Bought a scroll of teleportation for 90 gold pieces
 12270 | D:10     | Bought a glowing opal ring for 150 gold pieces
 12270 | D:10     | Bought a scroll of identify for 60 gold pieces
 12511 | D:11     | Noticed a five-headed hydra
 12574 | D:11     | Reached skill level 5 in Short Blades
 12757 | D:11     | Noticed an unseen horror
 12765 | D:11     | Killed an unseen horror
 12767 | D:11     | Reached skill level 12 in Spellcasting
 12767 | D:11     | Reached skill level 1 in Ice Magic
 12933 | D:11     | Noticed a two-headed ogre
 12936 | D:11     | Found a flagged portal.
 12945 | Bailey   | Entered a bailey
 13043 | Bailey   | Reached **** piety under Vehumet
 13390 | Bailey   | Offered knowledge of Force Lance by Vehumet.
 14855 | D:11     | Killed a two-headed ogre
 15112 | D:12     | Found a bloodstained altar of Trog.
 15129 | D:12     | Noticed a seven-headed hydra
 15132 | D:12     | Killed a seven-headed hydra
 15356 | D:12     | Noticed an unseen horror
 15364 | D:12     | Killed an unseen horror
 15470 | D:12     | Noticed a cyan ugly thing
 15487 | D:12     | Killed a cyan ugly thing
 15949 | D:11     | Noticed an unseen horror
 15961 | D:11     | Killed an unseen horror
 16050 | D:11     | Noticed an unseen horror
 16060 | D:11     | Killed an unseen horror
 16131 | D:11     | Noticed a two-headed ogre
 16131 | D:11     | Reached XP level 12. HP: 54/68 MP: 19/30
 16135 | D:11     | Killed a five-headed hydra
 16135 | D:11     | Reached skill level 5 in Fighting
 16145 | D:11     | Killed a two-headed ogre
 16145 | D:11     | Reached skill level 5 in Poison Magic
 16156 | D:11     | Reached skill level 13 in Spellcasting
 16474 | D:11     | Reached skill level 5 in Armour
 16732 | D:11     | Got a blackened morningstar
 16786 | D:11     | Paralysed by a crimson imp for 2 turns
 16815 | D:11     | Identified the +8 morningstar of Painful Death {crush, rElec Int+4} (You found it on level 11 of the Dungeon)
 16865 | D:11     | Noticed a two-headed ogre
 16872 | D:11     | Killed a two-headed ogre
 17015 | D:11     | Reached ***** piety under Vehumet
 17024 | D:11     | Reached skill level 5 in Shields
 17069 | D:11     | Offered knowledge of Bolt of Fire by Vehumet.
 17088 | D:11     | Noticed a two-headed ogre
 17113 | D:11     | Killed a two-headed ogre
 17131 | D:11     | Learned a level 6 spell: Bolt of Fire
 17293 | D:11     | Found a staircase to the Lair.
 17509 | D:11     | Noticed a two-headed ogre
 17523 | D:11     | Killed a two-headed ogre
 17818 | D:11     | Found a portal to a secret trove of treasure.
 18361 | Lair:1   | Entered Level 1 of the Lair of Beasts
 18375 | Lair:1   | Noticed Patate's ghost (journeyman SpEn)
 18420 | Lair:1   | Killed from afar by Patate's ghost

Vault maps used:
D:1:      sevenhm_arrival_forest_fort_large_4, minmay_misc_feat_tiny, hex_tiny
D:2:      uniq_jessica
D:3:      minmay_diamond_boxcup, chequers_temple_overflow_minitemple,
          grunt_qazlal_clouds, uniq_robin
D:4:      nicolae_gozag_cash_rules_everything_around_me, lemuel_doored_altar,
          first_ration, grunt_decor_cap
D:5:      temple_hall, grunt_ministairs_14
D:6:      tgw_sif, makhleb_grotto_becter, serial_shops, shop,
          minmay_fire_ice_demons
D:7:      hangedman_minor_gate_pass
D:8:      kennysheep_little_box, lightli_temple_of_fire, cheibriados_altar_1,
          uniq_pikel
D:9:      elyvilon_altar_1
D:10:     david_orc_3, serial_shops, shop_fountains, basic_altar, uniq_harold
D:11:     minmay_the_grid_octo_tiled_octocenter_mashed,
          due_lair_maze_entry_diamond, enter_bailey_2,
          nicolae_trove_entry_path_of_doom, hangedman_stone_soup
D:12:     bloody_trog
Temple:   dpeg_three_leaves_temple
Lair:1:   uniq_sonja
Bailey:   bailey_polearm_flooded_kennysheep, bailey

Skill      XL: |  1  2  3  4  5  6  7  8  9 10 11 12 |
---------------+-------------------------------------+-----
Spellcasting   | 4 5 6 7 8 9 10 11 12 13 | 13.6
Conjurations   | 2 3 4 5 6 7 8 |  8.3
Fire Magic     | 4 5 6 7 8 |  8.8
Fighting       | 1 2 3 4 5 |  5.4
Short Blades   | 1 2 3 4 5 6 |  6.4
Armour         | 1 2 3 4 5 |  5.4
Dodging        | 3 4 5 6 7 8 |  8.4
Shields        | 1 2 4 5 |  5.5
Poison Magic   | 1 3 4 5 |  5.7
Ice Magic      | 2 4 |  4.2
Stealth        | |  2.4

Action                   |  1- 3 |  4- 6 |  7- 9 | 10-12 || total
-------------------------+-------+-------+-------+-------++-------
Melee: Unarmed           |     2 |       |       |       ||     2
       Dagger            |     4 |    48 |   107 |    75 ||   234
       Morningstar       |       |       |       |    48 ||    48
 Cast: Flame Tongue      |    32 |    95 |    88 |   276 ||   491
       Sticky Flame      |       |     4 |    24 |    87 ||   115
       Inner Flame       |       |     3 |     6 |    10 ||    19
       Throw Flame       |       |     3 |    12 |    85 ||   100
       Conjure Flame     |       |     1 |     4 |     6 ||    11
       Magic Dart        |       |       |    25 |    11 ||    36
       Fireball          |       |       |     9 |    35 ||    44
       Sting             |       |       |     7 |     9 ||    16
       Throw Icicle      |       |       |       |     5 ||     5
       Bolt of Fire      |       |       |       |     3 ||     3
Evoke: Wand              |       |       |       |     2 ||     2
  Use: Scroll            |     5 |     5 |    13 |    15 ||    38
       Potion            |       |     1 |     4 |     9 ||    14
 Stab: Sleeping          |     2 |    11 |     4 |     1 ||    18
  Eat: Chunk             |       |     5 |     4 |    18 ||    27
       Ration            |       |     2 |     3 |     5 ||    10
Armor: Robe              |     4 |    14 |    45 |    51 ||   114
Dodge: Dodged            |    21 |    68 |   143 |   262 ||   494
Block: Large shield      |       |       |       |    98 ||    98

Table legend:
 A = Spawn XP
 B = Non-spawn XP
 C = Spawn XP percentage of total XP
 D = Spawn monster count
 E = Non-spawn monster count
 F = Spawn count percentage of total count
 G = Total turns spent on level
                    A         B        C        D         E        F      G
               +---------+---------+-------+---------+---------+-------+---------
         Total |       0 |   33911 |   0.0 |       0 |     384 |   0.0 | 18420
               +---------+---------+-------+---------+---------+-------+---------
           D:1 |       0 |      27 |   0.0 |       0 |      15 |   0.0 |   674
           D:2 |       0 |     176 |   0.0 |       0 |      33 |   0.0 |  1088
           D:3 |       0 |     185 |   0.0 |       0 |      40 |   0.0 |  1535
           D:4 |       0 |     212 |   0.0 |       0 |       7 |   0.0 |   870
           D:5 |       0 |    1616 |   0.0 |       0 |      30 |   0.0 |  1729
           D:6 |       0 |     660 |   0.0 |       0 |      17 |   0.0 |   932
           D:7 |       0 |    1465 |   0.0 |       0 |      31 |   0.0 |  1496
           D:8 |       0 |    1823 |   0.0 |       0 |      17 |   0.0 |  1455
           D:9 |       0 |    2214 |   0.0 |       0 |      30 |   0.0 |  1259
          D:10 |       0 |    3141 |   0.0 |       0 |      28 |   0.0 |  1811
          D:11 |       0 |   16777 |   0.0 |       0 |      82 |   0.0 |  2358
          D:12 |       0 |    2848 |   0.0 |       0 |      13 |   0.0 |  1162
        Lair:1 |       0 |     509 |   0.0 |       0 |       2 |   0.0 |    59
        Bailey |       0 |    2258 |   0.0 |       0 |      39 |   0.0 |  1894
               +---------+---------+-------+---------+---------+-------+---------
